Map: Vigília Leste LE

Players

IagoAbreu - Winner!

  • Race: Terran Terran
  • Spawn Location: 7:00

Julian

  • Race: Terran Terran
  • Spawn Location: 1:00

VOD

Have the link to the VOD?

Description

Time

  • Played on: Feb. 3, 2018, 8:22 p.m.
  • Length: 22:06
Show
View Real Time Build Order
Export as new Build Order

IagoAbreu Terran - Winner!

Build Orders: Command Center First (CC) 

Get SALT Encoding   

  12  0:01  SCV  
  13  0:13  SCV  
  14  0:21  Supply Depot  
  14  0:25  SCV  
  15  0:56  Command Center  
  15  0:59  SCV  
  16  1:11  SCV  
  16  1:12  Refinery  
  17  1:18  Refinery  
  17  1:24  SCV  
  18  1:36  SCV  
  18  1:38  Supply Depot  
  19  1:47  Barracks  
  19  1:56  Engineering Bay  
  19  2:00  SCV  
  20  2:11  Supply Depot  
  20  2:12  SCV  
  21  2:16  SCV  
  22  2:25  Refinery  
  22  2:38  Refinery  
  22  2:42  Barracks Reactor  
  22  2:51  Barracks  
  22  2:56  Engineering Bay  
  22  2:57  Terran Infantry Weapons Level 1  
  22  2:59  SCV  
  23  3:10  SCV  
  23  3:11  SCV  
  25  3:22  SCV  
  26  3:34  SCV  
  26  3:39  Sensor Tower  
  27  3:41  Terran Infantry Armor Level 1  
  27  3:55  Factory  
  27  4:00  Factory  
  27  4:16  Barracks Reactor  
  27  4:21  Planetary Fortress  
  27  4:27  Reaper x2  
  29  4:48  Factory Tech Lab x2  
  29  4:54  Armory  
  29  4:56  Starport  
  29  5:01  SCV  
  29  5:06  SCV  
  31  5:14  Orbital Command  
  31  5:25  Building Armor  
  31  5:34  Starport Reactor  
  31  5:57  Liberator  
  31  6:01  Liberator  
  31  6:02  Bunker  
  31  6:06  Reaper x4  
  35  6:13  SCV  
  42  6:23  SCV  
  43  6:35  SCV  
  43  6:38  Reaper x4  
  48  6:50  Command Center  
  48  6:52  SCV  
  49  6:57  Siege Tank  
  52  7:04  SCV  
  53  7:09  Supply Depot  
  53  7:10  Supply Depot  
  53  7:20  Marine  
  54  7:30  Marine x3  
  57  7:46  Supply Depot  
  57  7:47  Supply Depot  
  57  7:52  Marine x3  
  57  7:53  Marine  
  61  7:59  Terran Infantry Weapons Level 2, Terran Infantry Armor Level 2  
  61  8:02  Terran Ship Weapons Level 1  
  61  8:12  Orbital Command  
  61  8:21  Supply Depot  
  61  8:22  Supply Depot  
  61  8:37  Orbital Command  
  57  8:54  Marine x3  
  57  8:55  Marine  
  61  8:57  Orbital Command  
  55  9:12  Marine x3  
  55  9:13  Marine  
  55  9:14  Liberator x2  
  65  9:49  SCV  
  66  10:01  SCV  
  67  10:07  Liberator x2  
  67  10:11  Barracks  
  67  10:13  SCV  
  68  10:15  Supply Depot  
  68  10:17  Terran Infantry Weapons Level 3  
  68  10:19  Terran Ship Weapons Level 2, Terran Infantry Armor Level 3  
  68  10:25  SCV  
  75  10:37  SCV  
  75  10:38  Supply Depot  
  76  10:44  Missile Turret  
  76  10:56  SCV  
  77  11:01  Barracks Tech Lab  
  77  11:02  Supply Depot  
  77  11:08  SCV  
  78  11:20  SCV  
  79  11:32  SCV  
  80  11:42  Marine  
  80  11:43  Marine x3  
  80  11:44  SCV  
  80  11:46  Combat Shields  
  85  12:00  Marine x2  
  85  12:01  Marine x2  
  77  12:18  Marine x3  
  77  12:19  Marine  
  81  12:35  Fusion Core  
  81  12:36  Marine x4  
  85  12:43  Starport  
  85  12:52  Starport  
  85  13:06  Stimpack  
  85  13:09  SCV  
  86  13:21  SCV  
  86  13:26  Missile Turret  
  87  13:30  Missile Turret  
  87  13:33  SCV  
  88  13:45  SCV  
  89  13:58  Marine, Missile Turret  
  89  13:59  Marine x3  
  89  14:01  Missile Turret  
  93  14:03  Thor x2  
  93  14:07  Missile Turret  
  93  14:08  Smart Servos  
  105  14:15  Terran Vehicle Weapons Level 1  
  105  14:16  Marine x2  
  105  14:17  Marine x2  
  107  14:18  Hi-Sec Auto Tracking  
  109  14:27  Missile Turret  
  109  14:31  Missile Turret  
  109  14:34  Marine x4  
  113  14:39  Missile Turret  
  113  14:45  Starport Reactor  
  112  14:46  Thor x2  
  112  14:47  Starport Reactor  
  112  14:49  Viking x2  
  112  14:52  Marine x4  
  132  15:08  Missile Turret  
  132  15:11  Missile Turret  
  131  15:14  Missile Turret x2  
  131  15:19  Viking x2  
  135  15:30  Missile Turret  
  117  15:49  Viking x2  
  119  16:19  Viking x2  
  119  16:23  SCV  
  124  16:35  SCV  
  125  16:40  Medivac  
  125  16:41  Medivac x3  
  125  16:43  Missile Turret  
  133  16:49  Viking x2  
  137  17:09  Missile Turret  
  137  17:10  Viking  
  137  17:11  Viking  
  141  17:21  Orbital Command  
  141  17:36  Missile Turret  
  141  17:37  Terran Vehicle Weapons Level 2  
  141  17:54  Viking  
  141  17:55  Viking  
  145  18:00  Thor  
  145  18:05  Cyclone x2  
  157  18:11  Viking x2  
  161  18:15  Battlecruiser  
  167  18:20  Marine x2  
  167  18:21  Marine x2  
  167  18:24  Viking x2  
  174  18:38  Marine x2  
  174  18:41  Viking x2  
  178  18:43  Thor  
  178  18:47  Marine x2  
  188  18:56  Marine x2  
  190  19:05  Marine x2  
  181  19:14  Marine x2  
  156  19:19  Battlecruiser  
  156  19:23  Marine x2  
  103  19:50  Marine x4  
  105  20:02  Barracks  
  105  20:08  Marine x4  
  109  20:26  Marine x2  
  111  20:33  Refinery  
  111  20:35  Refinery  
  111  20:36  Refinery  
  111  20:38  Refinery  
  111  20:49  Barracks Reactor  
  111  20:50  Barracks Reactor  
Show
View Real Time Build Order
Export as new Build Order

Julian Terran 

Build Orders: MMM Bio 

Get SALT Encoding   

  12  0:03  SCV  
  13  0:17  Supply Depot  
  13  0:18  SCV  
  14  0:32  SCV  
  15  0:44  Barracks  
  15  0:51  SCV  
  15  0:55  Refinery  
  16  1:03  SCV  
  17  1:05  Refinery  
  17  1:16  SCV  
  18  1:29  SCV  
  19  1:42  SCV  
  20  1:53  Command Center  
  20  2:08  Factory  
  20  2:18  Orbital Command  
  20  2:25  Barracks Tech Lab  
  20  2:31  Supply Depot  
  20  2:45  Marauder  
  20  2:46  Concussive Shells  
  20  2:50  SCV  
  23  3:05  SCV  
  24  3:06  Marauder  
  24  3:11  SCV  
  27  3:20  SCV, Factory Tech Lab  
  28  3:27  Marauder  
  28  3:32  Orbital Command  
  30  3:35  SCV  
  31  3:42  Siege Tank  
  34  3:49  SCV  
  34  3:54  Marauder  
  37  3:57  SCV  
  37  4:01  SCV  
  40  4:10  SCV  
  40  4:11  Starport  
  40  4:13  SCV  
  40  4:14  Siege Tank  
  44  4:29  SCV  
  45  4:34  SCV, Engineering Bay  
  46  4:48  Supply Depot  
  46  4:57  SCV x2  
  46  4:58  Marauder  
  50  5:05  Siege Tank  
  53  5:09  SCV x2  
  55  5:14  Supply Depot  
  55  5:17  Terran Infantry Weapons Level 1  
  55  5:19  Marauder  
  55  5:20  Starport Reactor  
  57  5:21  SCV  
  58  5:29  Stimpack  
  58  5:34  Refinery  
  58  5:35  SCV, Refinery  
  59  5:39  SCV  
  59  5:40  Marauder  
  62  5:43  Armory  
  62  5:51  Fusion Core  
  62  5:57  Viking  
  64  6:14  SCV  
  65  6:22  Supply Depot  
  65  6:26  Marauder  
  65  6:29  Viking  
  69  6:36  Viking  
  69  6:39  Supply Depot  
  71  6:54  Terran Vehicle And Ship Armor Level 1, Starport  
  71  7:01  Supply Depot  
  71  7:04  Marauder  
  73  7:10  Viking x2  
  73  7:15  Terran Infantry Armor Level 1  
  77  7:17  Weapon Refit  
  77  7:24  Command Center  
  77  7:25  Supply Depot  
  77  7:32  Starport Tech Lab  
  77  7:44  Viking x2  
  79  7:46  Marauder, Combat Shields  
  79  7:47  Supply Depot  
  83  7:57  Siege Tank  
  86  8:09  Supply Depot, Marauder  
  88  8:18  Barracks  
  88  8:32  Starport  
  88  8:37  Marauder  
  90  8:52  Viking x2  
  94  8:56  Siege Tank  
  96  9:15  Battlecruiser  
  102  9:21  Viking  
  102  9:22  Viking  
  106  9:31  Siege Tank  
  109  9:43  Starport Tech Lab  
  109  9:51  Viking  
  109  9:52  Viking  
  113  9:53  Refinery  
  113  10:01  Marauder  
  115  10:16  SCV  
  116  10:22  Marauder  
  116  10:28  SCV, Orbital Command  
  119  10:31  Battlecruiser  
  119  10:33  Viking x2  
  129  10:37  Refinery  
  129  10:41  Barracks Tech Lab  
  129  10:44  Marauder  
  131  10:54  Supply Depot  
  131  11:08  Terran Infantry Weapons Level 2  
  131  11:12  Terran Ship Weapons Level 1  
  131  11:16  Supply Depot  
  131  11:17  Armory  
  131  11:25  Battlecruiser  
  137  11:39  Supply Depot  
  137  11:53  Raven  
  139  12:35  Battlecruiser  
  139  12:36  Viking x2  
  149  12:44  Terran Vehicle And Ship Armor Level 2  
  149  13:03  Marauder  
  151  13:09  Command Center  
  151  13:18  Battlecruiser  
  157  13:23  Starport  
  157  13:24  Terran Infantry Armor Level 2  
  157  13:25  Marauder  
  159  13:29  Terran Ship Weapons Level 2  
  165  13:41  Battlecruiser  
  165  14:02  Starport  
  165  14:18  Starport Tech Lab, Refinery  
  165  14:22  Battlecruiser  
  171  14:42  Refinery  
  171  14:43  Starport Tech Lab  
  177  14:45  Battlecruiser  
  177  14:48  Battlecruiser  
  143  15:54  Battlecruiser  
  143  15:55  Battlecruiser x3  
  167  16:00  Marauder x2  
  165  16:21  Marauder x2  
  165  16:22  Viking x2  
  173  16:43  Marauder  
  175  16:59  Battlecruiser  
  181  17:05  Marauder x2  
  185  17:14  Terran Infantry Weapons Level 3  
  185  17:26  Marauder  
  185  17:27  Marauder  
  71  19:43  Battlecruiser x3  
  71  19:44  Battlecruiser  
  93  19:47  Viking x2  
  93  19:51  Marauder  
  89  20:17  Viking x2  
  93  20:47  Viking  
Tags
 
Add a new tag
Caveats
  • Supply blocks, unpowered buildings, or Contaminate may cause inaccurate times.
  • Supply counts are checked every 10 seconds.